 Dungeon Crawl Stone Soup version 0.20-a0-903-g7e3609c (webtiles) character file.

91 Hook the Chopper (level 4, 0/34 HPs)
             Began as a Demonspawn Gladiator on Mar 21, 2017.
             Slain by Crazy Yiuf
             ... wielding a +4 quarterstaff of chaos
              (6 damage)
             ... on level 2 of the Dungeon.
             The game lasted 00:12:22 (1937 turns).

Hook the Chopper (Demonspawn Gladiator)             Turns: 1937, Time: 00:12:23

Health: 0/34       AC:  7    Str: 15    XL:     4   Next: 33%
Magic:  4/4        EV: 12    Int:  9    God:
Gold:   151        SH:  0    Dex: 15    Spells: 3/3 levels left

rFire    . . .     SeeInvis .   a - +0 war axe
rCold    . . .     Gourm    .   w - +0 scale mail
rNeg     . . .     Faith    .   (no shield)
rPois    .         Spirit   .   c - +0 helmet
rElec    .         Reflect  .   (no cloak)
rCorr    .         Harm     .   (no gloves)
MR       .....                  (no boots)
Stlth    ..........             (no amulet)
Regen    0.2/turn               (no ring)
MPRegen  0.1/turn               (no ring)

@: lethally poisoned (0 -> -7)
A: repulsion field 1, powered by death 1
a: no special abilities


You were on level 2 of the Dungeon.
You were not hungry.

You visited 1 branch of the dungeon, and saw 2 of its levels.

You collected 151 gold pieces.

Inventory:

Hand Weapons
 a - a +0 war axe (weapon)
Missiles
 d - 2 throwing nets (quivered)
Armour
 b - a +0 leather armour
 c - a +0 helmet (worn)
 g - a +0 helmet
 w - a +0 scale mail (worn)
Jewellery
 v - an uncursed amulet of the gourmand {unknown}
Scrolls
 e - 2 scrolls of immolation {unknown}
 h - a scroll of random uselessness {unknown}
 j - 5 scrolls of identify {unknown}
 l - a scroll of fear {unknown}
 n - 2 scrolls of fog {unknown}
 p - a scroll of amnesia {unknown}
 r - a scroll of noise {unknown}
 s - a scroll of remove curse {unknown}
 t - 3 scrolls of teleportation {unknown}
 y - a scroll of enchant armour {unknown}
Potions
 i - a potion of lignification {unknown}
 k - a potion of agility {unknown}
 m - 2 potions of mutation {unknown}
 o - a potion of berserk rage {unknown}
 u - a potion of curing {unknown}
 x - a potion of heal wounds {unknown}
Comestibles
 f - 4 bread rations
 q - a meat ration
 z - a chunk of flesh


   Skills:
 * Level 2.8 Fighting
 + Level 3.2 Axes
 - Level 1.9 Throwing
 * Level 2.0 Armour
 - Level 3.0 Dodging


You had 3 spell levels left.
You didn't know any spells.

Dungeon Overview and Level Annotations

Branches:
Dungeon (2/15)

Altars:
Ashenzari
Dithmenos

Annotations:
D:2 Crazy Yiuf


Innate Abilities, Weirdness & Mutations

You are surrounded by a mild repulsion field. (EV +2)
You regenerate a little health from kills.


Message History

You feel sick. Crazy Yiuf closely misses you.
You closely miss Crazy Yiuf.
Crazy Yiuf is lightly wounded.
You feel sick.
Crazy Yiuf hits you with a quarterstaff of chaos.
You hit Crazy Yiuf.
Crazy Yiuf is moderately wounded.
You feel sick. Crazy Yiuf closely misses you. Crazy Yiuf barely misses you.
You barely miss Crazy Yiuf.
Crazy Yiuf is moderately wounded.
You feel sick.
Crazy Yiuf hits you with a quarterstaff of chaos.
Crazy Yiuf freezes you.
You closely miss Crazy Yiuf.
Crazy Yiuf is moderately wounded.
You feel sick.
Crazy Yiuf hits you with a quarterstaff of chaos.
* * * LOW HITPOINT WARNING * * *
You convulse.
You die...

....##...........#
.................#
......##(..#######
._...####..#
......##..## #####
...........# #)..#
....##.....# #...#
.#..###....# #.g)#
###..##....# #@#
###........# #)##
.#.........# ##.#
.....####### #.##
...........# ##.#
##########.# ##.##
#.# ##..)# #.#
#....# #.# #....#


You could see Crazy Yiuf.

Vanquished Creatures
  3 adders
  A worm (D:2)
  2 dart slugs (D:1)
  3 leopard geckos
  5 bats
  2 giant cockroaches
  8 goblins
  9 hobgoblins
  6 jackals
  A ball python (D:2)
  2 frilled lizards
  6 kobolds
  4 rats
52 creatures vanquished.

Notes
Turn   | Place    | Note
-------+----------+-------------------------------------------
     0 | D:1      | Hook the Demonspawn Gladiator began the quest for the Orb.
     0 | D:1      | Reached XP level 1. HP: 16/16 MP: 1/1
   206 | D:1      | Gained mutation: You regenerate a little health from kills. [demonic ancestry]
   206 | D:1      | Reached XP level 2. HP: 22/22 MP: 2/2
   463 | D:1      | Reached XP level 3. HP: 12/28 MP: 3/3
   740 | D:1      | Found a shattered altar of Ashenzari.
  1192 | D:2      | Reached skill level 1 in Armour
  1276 | D:2      | Found a shadowy altar of Dithmenos.
  1308 | D:2      | Gained mutation: You are surrounded by a mild repulsion field. (EV +2) [demonic ancestry]
  1308 | D:2      | Reached XP level 4. HP: 22/34 MP: 4/4
  1525 | D:2      | Found a runed door.
  1929 | D:2      | Noticed Crazy Yiuf
  1937 | D:2      | Slain by Crazy Yiuf

Vault maps used:
D:1:      minmay_arrival_shattered_statue, ashenzari_altar_1
D:2:      nicolae_dithmenos_shadow_blocks, uniq_crazy_yiuf_cottage

Skill      XL: |  1  2  3  4 |
---------------+-------------+-----
Axes           | 3 |  3.2
Dodging        | 3 |  3.0
Armour         | 1 2 |  2.0
Fighting       | |  2.8
Throwing       | |  1.9

Action                   |  1- 3 |  4- 6 || total
-------------------------+-------+-------++-------
Melee: War axe           |   136 |    34 ||   170
Throw: Throwing net      |       |     1 ||     1
 Stab: Sleeping          |     1 |       ||     1
       Held in net/web   |       |     1 ||     1
  Eat: Meat ration       |     1 |       ||     1
Armor: Leather armour    |    58 |     4 ||    62
       Scale mail        |       |     1 ||     1
Dodge: Dodged            |   143 |    28 ||   171
